 Dungeon Crawl Stone Soup version 0.30-a0-777-ga9a30cbeda (webtiles) character file.

Game seed: 2243164491427974107

188646 dolemite99 the Spear-Bearer (level 18, -5/146 HPs)
             Began as a Gnoll Chaos Knight on Feb 14, 2023.
             Was a Plaything of Xom.
             Killed from afar by a shock serpent (7 damage)
             ... with a bolt of electricity
             ... on level 3 of the Snake Pit.
             The game lasted 01:47:01 (50605 turns).

dolemite99 the Spear-Bearer (Gnoll Chaos Knight)   Turns: 50605, Time: 01:47:02

Health: -5/146     AC: 20    Str: 21    XL:     18   Next: 10%
Magic:  18/34      EV: 14    Int: 24    God:    Xom [......]
Gold:   490        SH: 20    Dex: 10    Spells: 2/42 levels left

rFire   + . .      SeeInvis .    a - +5 flail of the Crawling Thing {spect, Int+2}
rCold   + + +      Faith    .    J - +0 kite shield {AC+3}
rNeg    + . .      Spirit   .    P - +0 swamp dragon scales
rPois   +          Reflect  +    (helmet restricted)
rElec   .          Harm     .    q - -2 cloak of Impermeability {rPois rN+ Slay+3}
rCorr   .          Rampage  .    i - +2 pair of gloves
Will    ++...                    M - +1 pair of boots
Stlth   ++++                     Q - amulet of reflection
HPRegen 0.44/turn                D - ring of protection from fire
MPRegen 0.24/turn                R - +6 ring of intelligence

@: no status effects
A: fangs 1, strong nose, distributed training, antennae 1, iridescent scales 2,
large bone plates 1, cold resistance 3, deformed body, strong-willed 1, poison
resistance, strong 2, inability to drink after injury 1
}: 1/15 runes: decaying
a: Renounce Religion


You were on level 3 of the Snake Pit.
You worshipped Xom.
You were a very special plaything of Xom.
You visited 5 branches of the dungeon, and saw 29 of its levels.
You visited the Abyss 1 time.

You collected 3256 gold pieces.
You spent 2766 gold pieces at shops.

Inventory:

Hand Weapons
 a - the +5 flail of the Crawling Thing (weapon) {spect, Int+2}
   (You found it on level 4 of the Lair of Beasts)

   Int:       It affects your intelligence (+2).
 b - the +9 staff of Olgreb {rPois∞}
   (You acquired it on level 2 of the Dungeon)

   It enhances your poison magic.
   It grants immunity to poison.
   It can be activated via the 'a'bility menu to radiate toxic energy, with
   effectiveness depending on Evocations skill.
 n - the +10 hammer of the Eternal Warrior {heavy, Fly Str+3}
   (You found it on level 2 of the Dungeon)

   Str:       It affects your strength (+3).
   Fly:       It grants you flight.
 s - the +2 sling of Destiny {speed, rElec rF+ rN+ Int-2}
   (You found it on level 3 of the Dungeon)

   Int:       It affects your intelligence (-2).
   rF:        It protects you from fire.
   rElec:     It insulates you from electricity.
   rN:        It protects you from negative energy.
Missiles
 o - 13 poisoned darts (quivered)
 y - 4 curare-tipped darts
Armour
 i - a +2 pair of gloves (worn)
 j - a scarf of shadows
 q - the -2 cloak of Impermeability (worn) {rPois rN+ Slay+3}
   (You bought it in a shop on level 2 of the Dungeon)

   Slay:      It affects your accuracy & damage with ranged weapons and melee
   (+3).
   rPois:     It protects you from poison.
   rN:        It protects you from negative energy.
 J - a +0 kite shield of protection (worn)
 M - a +1 pair of boots (worn)
 P - +0 swamp dragon scales (worn)
 S - the +3 buckler of Inquiry {rElec Will++}
   (Xom gifted it to you on level 10 of the Dungeon)

   rElec:     It insulates you from electricity.
   Will:      It greatly increases your willpower.
 Y - a +0 helmet
Magical Staves
 B - a staff of poison
 K - a staff of poison
Jewellery
 g - the amulet "Eleliov" {Rampage Regen+ Str+3 Int+3}
   (Xom gifted it to you on level 5 of the Lair of Beasts)

   [amulet of regeneration]

   Str:       It affects your strength (+3).
   Int:       It affects your intelligence (+3).
   Regen:     It increases your rate of health regeneration.
   Rampage:   It bestows one free step when moving towards enemies.
 h - a ring of resist corrosion
 m - a ring of ice
 r - a +4 ring of protection
 D - a ring of protection from fire (left hand)
 G - a ring of see invisible
 Q - an amulet of reflection (around neck)
 R - a +6 ring of intelligence (right hand)
Wands
 t - a wand of polymorph (5)
 A - a wand of charming (5)
 F - a wand of roots (8)
Scrolls
 e - 10 scrolls of teleportation
 k - 2 scrolls of vulnerability
 E - a scroll of silence
 O - a scroll of torment
 T - 2 scrolls of fog
 U - 19 scrolls of identify {@r1}
 W - 2 scrolls of poison
 Z - a scroll of immolation
Potions
 l - 4 potions of attraction
 p - 4 potions of flight
 u - 7 potions of ambrosia
 v - a potion of curing
 w - 2 potions of brilliance
 C - 3 potions of cancellation
 H - 2 potions of haste
 I - 4 potions of heal wounds
 X - a potion of berserk rage
Miscellaneous
 c - a piece from Xom's chessboard (15/15)
 x - a phantom mirror (inert)
 L - a condenser vane (inert)
 N - a tin of tremorstones (inert)


   Skills:
 + Level 14.0 Fighting
 + Level 12.5 Short Blades
 + Level 12.5 Long Blades
 + Level 12.5 Axes
 + Level 12.5 Maces & Flails
 + Level 14.0 Polearms
 + Level 12.5 Staves
 + Level 12.5 Ranged Weapons
 + Level 12.5 Throwing
 + Level 13.3 Armour
 + Level 12.8 Dodging
 + Level 12.5 Stealth
 + Level 12.5 Shields
 + Level 12.5 Unarmed Combat
 + Level 12.5 Spellcasting
 + Level 10.6 Conjurations
 + Level 10.6 Hexes
 + Level 10.6 Summonings
 + Level 10.6 Necromancy
 + Level 10.6 Translocations
 + Level 10.6 Transmutations
 + Level 10.6 Fire Magic
 + Level 10.6 Ice Magic
 + Level 10.6 Air Magic
 + Level 10.6 Earth Magic
 + Level 10.6 Poison Magic
 + Level 13.6 Invocations
 + Level 12.5 Evocations


You had 2 spell levels left.
You knew the following spells:

 Your Spells              Type           Power      Damage    Failure   Level
a - Fulminant Prism       Conj/Hex       30%        3d16      1%          4
b - Anguish               Hex/Necr       30%        N/A       1%          4
c - Freezing Cloud        Conj/Ice/Air   30%        6-21      4%          5
d - Ignite Poison         Fire/Tmut/Pois 60%        N/A       1%          3
e - Dispel Undead         Necr           60%        3d21      1%          4
f - Passwall              Tmut/Erth      50%        N/A       1%          2
g - Starburst             Conj/Fire      30%        6d9       22%         6
h - Mephitic Cloud        Conj/Pois/Air  60%        N/A       1%          3
i - Death Channel         Necr           30%        N/A       22%         6
j - Vampiric Draining     Necr           60%        2d10      1%          3

Your spell library contained the following spells:

 Spells                   Type           Power      Damage    Failure   Level
 Magic Dart               Conj           100%       1d8       1%          1
 Necrotise                Necr           100%       1d9       1%          1
 Sandblast                Erth           100%       2d20      1%          1
 Call Imp                 Summ           60%        N/A       1%          2
 Cigotuvi's Dreadful Rot  Necr/Pois/Air  100%       N/A       1%          2
 Ensorcelled Hibernation  Hex/Ice        100%       N/A       1%          2
 Static Discharge         Conj/Air       100%       2-7/arc   1%          2
 Dazzling Flash           Conj/Hex       100%       N/A       1%          3
 Frozen Ramparts          Ice            100%       1d16      1%          3
 Kindle Blastsparks       Fire/Tloc/Air  100%       2d18      1%          3
 Ozocubu's Armour         Ice            60%        N/A       1%          3
 Spider Form              Tmut/Pois      60%        N/A       1%          3
 Stone Arrow              Conj/Erth      100%       3d13      1%          3
 Animate Armour           Summ/Erth      100%       N/A       1%          4
 Ice Form                 Ice/Tmut       60%        N/A       1%          4
 Iskenderun's Mystic Bla  Conj/Tloc      60%        2d13      1%          4
 Summon Ice Beast         Ice/Summ       60%        N/A       1%          4
 Summon Lightning Spire   Summ/Air       60%        N/A       1%          4
 Agony                    Necr           60%        N/A       4%          5
 Lee's Rapid Deconstruct  Erth           30%        3d16*     4%          5
 Metabolic Englaciation   Hex/Ice        30%        N/A       4%          5
 Silence                  Hex/Air        30%        N/A       4%          5
 Simulacrum               Ice/Necr       30%        N/A       22%         6
 Summon Cactus Giant      Summ           30%        N/A       22%         6
 Malign Gateway           Summ/Tloc      30%        N/A       77%         7
 Ozocubu's Refrigeration  Ice            30%        4d14      77%         7
 Lehudib's Crystal Spear  Conj/Erth      30%        10d8      100%        8


Dungeon Overview and Level Annotations

Branches:
Dungeon (15/15)            Temple (0/1) D:4            Lair (5/5) D:8
  Swamp (4/4) Lair:3        Snake (3/4) Lair:2        Slime (0/5) Lair:5
    Orc (2/2) D:9             Elf (0/3) Orc:2        Vaults (0/5) D:14
 Depths (0/4) D:15

Altars:
Dithmenos
Elyvilon
Makhleb
Nemelex Xobeh
Okawaru
Qazlal
Trog
Vehumet
Xom
Yredelemnul
Zin
The Shining One
Jiyva

Shops:
D:2 [   D:5 *   D:6 (   Orc:2 [(=(   Snake:1 ==:   Snake:2 *

Annotations:
D:3 exclusion: statue
D:13 3 runed translucent doors, Mexzoddasi's ghost, journeyman MiBe
Lair:2 exclusion: oklob plant
Snake:3 Vashnia


Innate Abilities, Weirdness & Mutations

You have very sharp teeth.
Your uncanny sense of smell can sniff out nearby items.
Your experience applies equally to all skills.
You have a pair of small antennae on your head.
You are mostly covered in iridescent scales. (AC +4)
You are partially covered in large bone plates. (SH +4)
Your flesh is almost immune to the effects of cold. (rC+++)
Armour fits poorly on your strangely shaped body.
You are strong-willed. (Will+)
Your system is resistant to poisons. (rPois)
Your muscles are very strong. (Str +8, Int/Dex -2)
You occasionally lose the ability to drink potions when taking damage.


Message History

You start resting.
You feel sick. x2
You are no longer poisoned.
The shock serpent shoots out a bolt of lightning at you!
The bolt of electricity hits you!!
* * * LOW HITPOINT WARNING * * *
Xom thinks this is hilarious!
You cannot drink potions in your current state!
As you read the scroll of fear, it crumbles to dust.
You assume a fearsome visage.
The shock serpent looks frightened!
A salamander comes into view. It is wielding a +4 halberd.
The salamander moves out of view.
The shock serpent is no longer moving slowly.
Found 4 poisoned darts.
The nagaraja shouts!
You hear a shout!
The nagaraja casts a spell at you. The poison arrow misses you.
Blink to where?
Press: ? - help, Dir - move target
As you read the scroll of blinking, it crumbles to dust.
Casting: Vampiric Draining (safe; 1% risk of failure)
Confirm with . or Enter, or press ? or * to list all spells.
Okay, then.
You block the salamander's attack.
Casting: Vampiric Draining (safe; 1% risk of failure)
Confirm with . or Enter, or press ? or * to list all spells.
Aiming: Vampiric Draining (safe; 1% risk of failure)
Press: ? - help, Shift-Dir - straight line, f - salamander
Aim: a salamander, wielding a +4 halberd You draw life force from the salamander!
You feel life coursing into your body!
You can drink potions again.
The salamander hits you with a +4 halberd!
* * * LOW HITPOINT WARNING * * *
You are engulfed in flames.
You resist.
* * * LOW HITPOINT WARNING * * *
Xom roars with laughter!
The shock serpent shoots out a bolt of lightning at you!
The bolt of electricity hits you!
You die...
Xom guffaws!

...N..N†)..[.# ##
##..N.###....# .#
..... #....# .#
#..# #S...# .#
.##.##### #.#### ..
..N(....###.# ...##
.# #§.##.###
.....##.####......#
.......((......N@.#
..#.....#######...#
..#....) #.###
.##...N #.# ###..)#
#.# # #...# ..#
#.).# .## # #...#
## # ##.##


You could see a salamander and a shock serpent.

Vanquished Creatures
  2 thorn hunters (Swamp:3)
  3 nagarajas
  Kirke (D:15)
  A fenstrider witch (Swamp:3)
  A stone giant (D:15)
  2 bunyips (Swamp:2)
  Josephine (Lair:5)
  Fannar (Lair:1)
  Harold (Orc:1)
  A yaktaur captain (D:15)
  7 vault guards
  16 hydras
  4 boulder beetles
  5 ice dragons
  A ghost crab (Lair:3)
  An ogre mage (D:12)
  4 anacondas
  7 two-headed ogres
  5 centaur warriors
  10 death yaks
  11 alligators
  3 orc high priests (Orc:2)
  4 naga warriors
  A shock serpent (Snake:3)
  6 naga sharpshooters
  3 skeletal warriors (D:14)
  A sea snake (Snake:2)
  4 goliath frogs
  A glowing orange brain (shapeshifter) (Orc:2)
  2 skysharks
  3 spriggan druids
  A spectral hydra (Lair:3)
  A naga ritualist (Snake:2)
  2 swamp dragons
  Pikel (D:4)
  A wizard (D:11)
  5 bog bodies
  The ghost of kingofthe the Sneak, a novice OpCj (D:7)
  2 orc knights (Orc:2)
  3 deep elf pyromancers
  4 orc sorcerers (Orc:2)
  5 cyclopes
  6 ugly things
  7 mana vipers
  2 manticores (D:13)
  3 salamanders
  A shining eye (Swamp:1)
  5 will-o-the-wisps
  16 elephants
  Joseph (D:10)
  2 guardian serpents (Snake:2)
  A smoke demon (D:10)
  2 gargoyles (D:12)
  6 naga magi
  21 black mambas
  5 freezing wraiths
  4 komodo dragons
  5 rime drakes
  10 cane toads
  A yaktaur (D:12)
  2 meliai (Lair:4)
  9 trolls
  A queen bee (shapeshifter) (D:13)
  2 bloated husks
  Grinder (D:5)
  5 polar bears (Lair:5)
  4 tyrant leeches
  2 queen bees
  Prince Ribbit (D:6)
  13 hornets
  10 blink frogs
  A spectral black mamba (Lair:3)
  2 spectral elephants (Lair:3)
  Sigmund (D:3)
  A slime creature (D:15)
  A dream sheep (Lair:4)
  6 wraiths
  A shadow (D:12)
  5 wyverns
  A spriggan (shapeshifter) (D:14)
  2 vampires
  16 spriggans
  A human (Lair:5)
  28 yaks
  A hog (D:15)
  5 water elementals (D:15)
  A basilisk (Lair:4)
  11 vampire mosquitoes
  5 swamp worm simulacra (Swamp:4)
  20 nagas
  A swamp worm (shapeshifter) (Lair:3)
  5 steam dragons
  2 wargs
  11 swamp worms
  2 acid dragons
  A water moccasin (shapeshifter) (D:13)
  7 hydra simulacra (Swamp:4)
  17 water moccasins
  A floating eye (shapeshifter) (Lair:3)
  2 large abominations (D:11)
  24 orc warriors
  An ice beast (D:7)
  5 black bears
  7 ogres
  3 boggarts (Lair:5)
  18 wolves
  7 centaurs
  A phantom (D:5)
  3 kobold brigands
  11 bullfrogs
  2 gnoll sergeants
  A scorpion (D:6)
  2 necrophages (D:4)
  17 wights
  36 killer bees
  10 electric eels
  A howler monkey (D:6)
  2 hounds
  Crazy Yiuf (D:2)
  4 small abominations (D:11)
  21 orc priests
  3 iguanas
  12 orc wizards
  A hell rat (Lair:4)
  5 adders
  12 gnolls
  A shadow imp (D:5)
  13 white imps
  3 swamp drake simulacra (Swamp:4)
  2 ufetubi
  2 dart slugs
  62 orcs
  7 endoplasms
  5 giant cockroaches
  7 goblins
  2 hobgoblins (D:1)
  20 kobolds
  3 quokkas
  6 ball pythons
  7 bats
  4 frilled lizards
  A rat (D:2)
800 creatures vanquished.

Vanquished Creatures (collateral kills)
  A doom hound (Swamp:3)
  An ice dragon (Swamp:4)
  3 anacondas
  Erica (Lair:2)
  A two-headed ogre (D:14)
  A boulder beetle (Lair:4)
  A shock serpent (Snake:1)
  2 naga sharpshooters (Snake:3)
  A skeletal warrior (D:14)
  3 bog bodies
  A naga ritualist (Snake:1)
  A mana viper (Snake:1)
  2 manticores
  An elephant (Lair:4)
  2 black mambas
  2 naga magi (Snake:1)
  2 rime drakes
  A meliai (Lair:4)
  2 blink frogs
  3 large abominations (D:11)
  3 yaks (D:9)
  A swamp worm (Swamp:2)
  4 nagas
  6 hydra simulacra (Swamp:4)
  An orc warrior (Orc:1)
  A boggart (Lair:5)
  A wolf (Lair:5)
  2 centaurs (D:14)
  3 small abominations (D:11)
  3 killer bees
  An electric eel (Snake:2)
  An orc priest (Orc:1)
  A river rat (Lair:4)
  3 orcs (Orc:1)
  A kobold (D:8)
64 creatures vanquished.

Vanquished Creatures (others)
  A fire giant (D:15)
  A fire dragon (D:15)
  A vault guard (D:14)
  2 ghost crabs
  A shock serpent (Snake:1)
  3 orc knights (Orc:2)
  A black mamba (Snake:2)
  A polar bear (Lair:4)
  A bloated husk (Swamp:2)
  A troll (Orc:2)
  A hornet (Lair:5)
  3 humans (D:15)
  2 hydra simulacra (Swamp:4)
  3 orc warriors (Orc:2)
  A wolf (Lair:5)
  An orc priest (Orc:2)
  2 orcs
  5 bushes
  42 foxfires
  68 fulminant prisms
  66 fungi
  122 plants
329 creatures vanquished.

Grand Total: 1193 creatures vanquished

Notes
Turn   | Place    | Note
-------+----------+-------------------------------------------
     0 | D:1      | dolemite99 the Gnoll Chaos Knight began the quest for the
                  | Orb.
     0 | D:1      | Reached XP level 1. HP: 23/23 MP: 1/1
   134 | D:1      | Reached XP level 2. HP: 29/29 MP: 2/2
   213 | D:1      | Reached XP level 3. HP: 31/35 MP: 3/3
   337 | D:1      | XOM: 3-stop teleportation journey
   353 | D:1      | Reached skill level 1 in Invocations
   683 | D:2      | XOM: scenery: summon butterflies
   766 | D:2      | XOM: give mutations
   766 | D:2      | Gained mutation: Your movements are slightly less
                  | encumbered by armour. (ER -2) [Xom's grace]
   766 | D:2      | Gained mutation: You have an increased reservoir of magic.
                  | (+10% MP) [Xom's grace]
   766 | D:2      | Gained mutation: Your flesh is cold resistant. (rC+) [Xom's
                  | grace]
   766 | D:2      | Gained mutation: You are strong-willed. (Will+) [Xom's
                  | grace]
  1072 | D:2      | Identified the +10 hammer of the Eternal Warrior {heavy,
                  | Fly Str+3}
  1074 | D:2      | Found a runed translucent door.
  1075 | D:2      | Noticed Crazy Yiuf
  1122 | D:2      | XOM: destruction
  1314 | D:2      | Reached skill level 1 in Short Blades
  1314 | D:2      | Reached skill level 1 in Long Blades
  1314 | D:2      | Reached skill level 1 in Axes
  1314 | D:2      | Reached skill level 1 in Maces & Flails
  1314 | D:2      | Reached skill level 1 in Staves
  1314 | D:2      | Reached skill level 1 in Ranged Weapons
  1314 | D:2      | Reached skill level 1 in Throwing
  1314 | D:2      | Reached skill level 1 in Stealth
  1314 | D:2      | Reached skill level 1 in Shields
  1314 | D:2      | Reached skill level 1 in Unarmed Combat
  1314 | D:2      | Reached skill level 1 in Spellcasting
  1314 | D:2      | Reached skill level 1 in Evocations
  1469 | D:2      | Found Imeas's Antique Armour Boutique.
  1592 | D:2      | Killed Crazy Yiuf
  1593 | D:2      | Reached XP level 4. HP: 25/41 MP: 4/6
  1697 | D:3      | XOM: scenery: 3 doors open
  1735 | D:3      | Reached skill level 1 in Conjurations
  1735 | D:3      | Reached skill level 1 in Hexes
  1735 | D:3      | Reached skill level 1 in Summonings
  1735 | D:3      | Reached skill level 1 in Necromancy
  1735 | D:3      | Reached skill level 1 in Translocations
  1735 | D:3      | Reached skill level 1 in Transmutations
  1735 | D:3      | Reached skill level 1 in Fire Magic
  1735 | D:3      | Reached skill level 1 in Ice Magic
  1735 | D:3      | Reached skill level 1 in Air Magic
  1735 | D:3      | Reached skill level 1 in Earth Magic
  1735 | D:3      | Reached skill level 1 in Poison Magic
  1756 | D:3      | Noticed Sigmund
  1763 | D:3      | HP: 1/41 [something (9)]
  1766 | D:3      | Killed Sigmund
  1767 | D:3      | Reached XP level 5. HP: 2/47 MP: 6/8
  1767 | D:3      | Reached XP level 6. HP: 2/53 MP: 6/9
  2171 | D:3      | Reached skill level 5 in Armour
  2226 | D:3      | Found a radiant altar of Vehumet.
  2386 | D:3      | Identified the +2 sling of Destiny {speed, rElec rF+ rN+
                  | Int-2}
  2745 | D:4      | Found a staircase to the Ecumenical Temple.
  2955 | D:4      | Found an iron altar of Okawaru.
  2957 | D:4      | Found a white marble altar of Elyvilon.
  3148 | D:4      | XOM is BORED!
  3240 | D:4      | Found a basalt altar of Yredelemnul.
  3439 | D:5      | Entered Level 5 of the Dungeon
  3444 | D:5      | Learned a level 3 spell: Mephitic Cloud
  3450 | D:5      | XOM: confuse monster(s)
  3450 | D:5      | Noticed Pikel
  3466 | D:4      | Killed Pikel
  3467 | D:4      | Reached XP level 7. HP: 44/60 MP: 10/12
  3467 | D:4      | Reached XP level 8. HP: 49/67 MP: 10/13
  3715 | D:5      | XOM: summons friendly iron imp
  3862 | D:5      | Identified the +4 mace "Faosk" {freeze, Fragile rPois rF+}
  3888 | D:5      | Found Pekaozeo's Assorted Antiques.
  4084 | D:5      | XOM: 2-stop teleportation journey
  4251 | D:5      | XOM: swap monsters
  4253 | D:5      | XOM: silly message
  4315 | D:5      | XOM: 2-stop teleportation journey
  4401 | D:5      | XOM: cloud trail
  4599 | D:5      | XOM: noise
  4641 | D:5      | Noticed Grinder
  4652 | D:5      | Killed Grinder
  4828 | D:5      | XOM: noise
  5054 | D:5      | XOM: give mutations
  5054 | D:5      | Lost mutation: You have an increased reservoir of magic.
                  | (+10% MP) [Xom's mischief]
  5054 | D:5      | Lost mutation: Your movements are slightly less encumbered
                  | by armour. (ER -2) [Xom's mischief]
  5081 | D:5      | Identified the +7 battleaxe of Pride {freeze, rC+}
  5231 | D:6      | Noticed Prince Ribbit
  5232 | D:6      | XOM: summons 3 friendly demons
  5240 | D:6      | Killed Prince Ribbit
  5271 | D:6      | XOM: give mutations
  5271 | D:6      | Gained mutation: Your mind is acute. (Int +4, Str/Dex -1)
                  | [Xom's grace]
  5271 | D:6      | Gained mutation: Your flesh is heat resistant. (rF+) [Xom's
                  | grace]
  5271 | D:6      | Gained mutation: Your muscles are strong. (Str +4, Int/Dex
                  | -1) [Xom's grace]
  5271 | D:6      | Gained mutation: Your flesh is very cold resistant. (rC++)
                  | [Xom's grace]
  5288 | D:6      | XOM is BORED!
  5288 | D:6      | Found a shadowy altar of Dithmenos.
  5288 | D:6      | XOM: 1-stop teleportation journey
  5295 | D:6      | Reached XP level 9. HP: 45/73 MP: 14/14
  5546 | D:6      | Learned a level 2 spell: Call Imp
  5549 | D:6      | Learned a level 2 spell: Cigotuvi's Dreadful Rot
  5606 | D:6      | Found a glowing golden altar of the Shining One.
  5881 | D:6      | XOM: confuse monster(s)
  5974 | D:6      | Found a stormy altar of Qazlal.
  5994 | D:6      | XOM: cloud trail
  6107 | D:6      | XOM: give mutation
  6107 | D:6      | Gained mutation: You occasionally lose the ability to read
                  | scrolls when taking damage. [Xom's mischief]
  6153 | D:6      | Found Iviafa's Weapon Emporium.
  6339 | D:6      | XOM: cloud trail
  6464 | D:7      | Noticed a queen bee
  6490 | D:7      | Reached skill level 5 in Dodging
  6726 | D:7      | XOM: 1-stop teleportation journey
  6753 | D:7      | XOM: silly message
  6892 | D:7      | XOM: silly message
  7247 | D:7      | XOM: cast spell 'Leda's Liquefaction'
  7249 | D:7      | XOM: divination: detect items
  7288 | D:7      | Found a transporter.
  7290 | D:7      | Found a transporter.
  7309 | D:7      | Noticed kingofthe's ghost (novice OpCj)
  7383 | D:7      | XOM: enchant monster (good)
  7385 | D:7      | Reached skill level 5 in Invocations
  7604 | D:7      | XOM: god gift: staff of poison
  7843 | D:7      | XOM: cloud trail
  7883 | D:7      | Noticed a hornet
  8201 | D:8      | Noticed a troll
  8309 | D:7      | XOM: silly message
  8369 | D:8      | Noticed a hornet
  8374 | D:8      | Killed a troll
  8375 | D:8      | Reached skill level 5 in Short Blades
  8375 | D:8      | Reached skill level 5 in Long Blades
  8375 | D:8      | Reached skill level 5 in Axes
  8375 | D:8      | Reached skill level 5 in Maces & Flails
  8375 | D:8      | Reached skill level 5 in Staves
  8375 | D:8      | Reached skill level 5 in Ranged Weapons
  8375 | D:8      | Reached skill level 5 in Throwing
  8375 | D:8      | Reached skill level 5 in Stealth
  8375 | D:8      | Reached skill level 5 in Shields
  8375 | D:8      | Reached skill level 5 in Unarmed Combat
  8375 | D:8      | Reached skill level 5 in Spellcasting
  8375 | D:8      | Reached skill level 5 in Evocations
  8375 | D:8      | Reached XP level 10. HP: 64/81 MP: 17/17
  8377 | D:8      | XOM: potion effect (brilliance)
  8378 | D:8      | Paralysed by a hornet for 3 turns
  8548 | D:7      | XOM: silly message
  8572 | D:8      | XOM: noise
  8685 | D:8      | XOM: noise
  8847 | D:8      | XOM: 1-stop teleportation journey
  8909 | D:8      | XOM: noise
  9126 | D:8      | XOM: silly message
  9167 | D:8      | XOM: confuse monster(s)
  9301 | D:8      | Found a staircase to the Lair.
  9433 | D:8      | XOM: confuse monster(s)
  9436 | D:8      | XOM: noise
  9472 | D:8      | XOM: divination: magic mapping
  9837 | D:8      | XOM: divination: magic mapping
 10002 | D:2      | Bought a warped kite shield for 199 gold pieces
 10002 | D:2      | Identified the +3 kite shield "Rouqar" {rElec} (You bought
                  | it in a shop on level 2 of the Dungeon)
 10065 | D:3      | XOM is BORED!
 10180 | D:9      | XOM: divination: magic mapping
 10564 | D:9      | XOM: summons friendly ufetubus
 10625 | D:9      | XOM: silly message
 10836 | D:9      | XOM: 4-stop teleportation journey
 10848 | D:9      | XOM: enchant monster (good)
 11031 | D:9      | Identified the +1 robe of Hacuorphi {rF- Slay+4 SInv
                  | Archmagi}
 11059 | D:9      | XOM: god gift: staff of poison
 11619 | D:9      | XOM: confusion
 11666 | D:9      | Found a staircase to the Orcish Mines.
 11872 | D:10     | Entered Level 10 of the Dungeon
 11949 | D:10     | Noticed a smoke demon
 11960 | D:10     | XOM: noise
 11972 | D:10     | Reached skill level 5 in Conjurations
 11972 | D:10     | Reached skill level 5 in Hexes
 11972 | D:10     | Reached skill level 5 in Summonings
 11972 | D:10     | Reached skill level 5 in Necromancy
 11972 | D:10     | Reached skill level 5 in Translocations
 11972 | D:10     | Reached skill level 5 in Transmutations
 11972 | D:10     | Reached skill level 5 in Fire Magic
 11972 | D:10     | Reached skill level 5 in Ice Magic
 11972 | D:10     | Reached skill level 5 in Air Magic
 11972 | D:10     | Reached skill level 5 in Earth Magic
 11972 | D:10     | Reached skill level 5 in Poison Magic
 11972 | D:10     | Reached XP level 11. HP: 35/89 MP: 20/20
 12371 | D:10     | XOM: 3-stop teleportation journey
 13118 | D:10     | XOM: enchant monster (good)
 13234 | D:10     | XOM: blink monster(s)
 13321 | D:10     | Noticed Joseph
 13342 | D:10     | Killed Joseph
 13400 | D:10     | XOM: scenery: create altars
 13690 | D:10     | Found a burning altar of Makhleb.
 13819 | D:10     | XOM: god gift: swamp dragon scales {god gift}
 14050 | Lair:1   | XOM: stealth player
 14050 | Lair:1   | Entered Level 1 of the Lair of Beasts
 14075 | Lair:1   | XOM: summons 1 hostile demon
 14114 | Lair:1   | Noticed Fannar
 14115 | Lair:1   | XOM: swap monsters
 14133 | Lair:1   | Killed Fannar
 14370 | Lair:1   | XOM: silly message
 14533 | Lair:1   | Learned a level 4 spell: Anguish
 14788 | Lair:1   | XOM: 2-stop teleportation journey
 14865 | Lair:1   | XOM: summons 6 hostile demons
 14914 | Lair:1   | XOM: give mutations
 14914 | Lair:1   | Gained mutation: You have a pair of small antennae on your
                  | head. [Xom's grace]
 14914 | Lair:1   | Gained mutation: Your system is resistant to poisons.
                  | (rPois) [Xom's grace]
 15017 | Lair:1   | XOM: god gift: 38 gold pieces
 15118 | Lair:2   | Noticed Erica
 15129 | Lair:2   | XOM: divination: magic mapping
 15321 | Lair:2   | XOM: god gift: 5 stones
 15409 | Lair:2   | Noticed an oklob plant
 15580 | Lair:2   | Killed Erica
 15581 | Lair:2   | Reached XP level 12. HP: 97/97 MP: 22/22
 16178 | Lair:2   | XOM: silly message
 16212 | Lair:2   | XOM: smoke on damage
 16287 | Lair:2   | Found a staircase to the Snake Pit.
 16401 | Lair:2   | XOM: give mutations
 16401 | Lair:2   | Gained mutation: You occasionally lose the ability to drink
                  | potions when taking damage. [Xom's mischief]
 16401 | Lair:2   | Gained mutation: You are agile. (Dex +4, Str/Int -1) [Xom's
                  | mischief]
 16401 | Lair:2   | Lost mutation: Your muscles are strong. (Str +4, Int/Dex
                  | -1) [Xom's mischief]
 16401 | Lair:2   | Gained mutation: You occasionally shout uncontrollably at
                  | your foes. [Xom's mischief]
 16419 | Lair:2   | XOM: summons 6 hostile demons
 16429 | Lair:2   | XOM: polymorph crimson imp -> iron imp
 16575 | Lair:3   | XOM: noise
 16757 | Lair:2   | XOM: give mutation
 16757 | Lair:2   | Lost mutation: Your mind is acute. (Int +4, Str/Dex -1)
                  | [Xom's mischief]
 16793 | Lair:3   | XOM: repel stairs
 16797 | Lair:3   | XOM: smoke on damage
 16801 | Lair:3   | XOM: blink monster(s)
 16814 | Lair:3   | XOM: polymorph cane toad -> glowing shapeshifter
 16826 | Lair:3   | XOM: enchant monster (good)
 16829 | Lair:3   | Reached skill level 10 in Fighting
 16829 | Lair:3   | Reached skill level 10 in Polearms
 16957 | Lair:3   | XOM: divination: magic mapping
 17108 | Lair:3   | Noticed a death yak
 17108 | Lair:3   | Noticed a death yak
 17111 | Lair:3   | Noticed a death yak
 17118 | Lair:3   | XOM: cleaving
 17126 | Lair:3   | Noticed a death yak
 17129 | Lair:3   | Noticed a death yak
 17130 | Lair:3   | Killed a death yak
 17130 | Lair:3   | Noticed a death yak
 17131 | Lair:3   | Killed a death yak
 17133 | Lair:3   | XOM: divination: detect creatures
 17133 | Lair:3   | Noticed a boulder beetle
 17144 | Lair:3   | Killed a death yak
 17147 | Lair:3   | XOM: destruction
 17151 | Lair:3   | Killed a death yak
 17152 | Lair:3   | Killed a death yak
 17155 | Lair:3   | XOM: confuse monster(s)
 17155 | Lair:3   | Killed a death yak
 17165 | Lair:3   | Killed a boulder beetle
 17385 | Lair:3   | XOM: polymorph water moccasin -> glowing shapeshifter
 17498 | Lair:3   | XOM: divination: detect creatures
 17607 | Lair:3   | XOM: give mutations
 17607 | Lair:3   | Gained mutation: Your spells are a little harder to cast,
                  | but a little more powerful. [Xom's grace]
 17607 | Lair:3   | Gained mutation: Your muscles are strong. (Str +4, Int/Dex
                  | -1) [Xom's grace]
 17607 | Lair:3   | Gained mutation: You are very agile. (Dex +8, Str/Int -2)
                  | [Xom's grace]
 17607 | Lair:3   | Gained mutation: Your natural rate of healing is unusually
                  | fast. [Xom's grace]
 17899 | Lair:3   | XOM: silly message
 17928 | Lair:3   | XOM: noise
 18260 | Lair:3   | Noticed a ghost crab
 18262 | Lair:3   | Found a staircase to the Swamp.
 18270 | Lair:3   | Killed a ghost crab
 18271 | Lair:3   | Reached XP level 13. HP: 11/95 MP: 25/25
 18483 | Lair:2   | XOM: noise
 18812 | Lair:4   | XOM: repel stairs
 18952 | Lair:3   | XOM: scenery: summon butterflies
 19034 | Lair:4   | Identified a scroll of acquirement
 19036 | Lair:4   | Acquired the +18 shield of the Gong {Loud rN+ Will+ rCorr
                  | EV-5}
 19036 | Lair:4   | Found the +18 shield of the Gong {Loud rN+ Will+ rCorr
                  | EV-5}
 19261 | Lair:4   | XOM: fake destruction
 19265 | Lair:4   | XOM: potion effect (invisibility)
 19276 | Lair:4   | XOM: give mutation
 19276 | Lair:4   | Gained mutation: You are partially covered in iridescent
                  | scales. (AC +2) [Xom's grace]
 19283 | Lair:4   | XOM: potion effect (invisibility)
 19325 | Lair:4   | XOM: polymorph manticore -> dream sheep
 19334 | Lair:4   | XOM: divination: detect items
 19372 | Lair:4   | XOM: summons friendly iron imp
 19376 | Lair:4   | XOM: enchant monster (good)
 19380 | Lair:4   | XOM: confusion (+ monsters)
 19390 | Lair:4   | Reached skill level 10 in Armour
 19400 | Lair:4   | XOM: confuse monster(s)
 19407 | Lair:4   | XOM: noise
 19418 | Lair:4   | XOM: fog
 19423 | Lair:4   | XOM: cast spell 'Summon Dragon'
 19451 | Lair:4   | XOM: silly message
 19474 | Lair:4   | XOM: noise
 20058 | Lair:4   | Identified the +5 flail of the Crawling Thing {spect,
                  | Int+2}
 20405 | Lair:4   | XOM: noise
 20406 | Lair:5   | Entered Level 5 of the Lair of Beasts
 20411 | Lair:5   | XOM: noise
 20463 | Lair:5   | XOM: summons friendly shadow imp
 20471 | Lair:5   | Reached skill level 10 in Invocations
 20471 | Lair:5   | Reached XP level 14. HP: 107/113 MP: 23/27
 20485 | Lair:5   | XOM: cast spell 'Alistair's Intoxication'
 20496 | Lair:5   | Noticed Josephine
 21074 | Lair:4   | XOM: confuse monster(s)
 21081 | Lair:4   | XOM: enchant monster (good)
 21091 | Lair:4   | XOM: noise
 21107 | Lair:4   | XOM: confusion (+ monsters)
 21308 | Lair:4   | XOM: cloud trail
 21984 | Lair:5   | XOM: cast spell 'Olgreb's Toxic Radiance'
 22018 | Lair:5   | Killed Josephine
 22079 | Lair:5   | XOM: give mutations
 22079 | Lair:5   | Lost mutation: Your flesh is heat resistant. (rF+) [Xom's
                  | mischief]
 22079 | Lair:5   | Lost mutation: You are strong-willed. (Will+) [Xom's
                  | mischief]
 22119 | Lair:5   | XOM: enchant monster (good)
 22121 | Lair:5   | XOM: cast spell 'Call Canine Familiar'
 22252 | Lair:5   | XOM: silly message
 22324 | Lair:5   | XOM: divination: detect items
 22672 | Lair:5   | Found a viscous altar of Jiyva.
 22673 | Lair:5   | Found a staircase to the Slime Pits.
 22701 | Lair:5   | XOM: summons 4 friendly demons
 22703 | Lair:5   | Reached skill level 10 in Dodging
 22722 | Lair:5   | XOM: god gift: scroll labelled REINEGH QIRO {god gift}
 22735 | Lair:5   | XOM: polymorph spriggan -> human
 22759 | Lair:5   | XOM: divination: magic mapping
 23197 | Lair:5   | XOM: silly message
 23332 | Lair:5   | Identified the amulet "Eleliov" {Rampage Regen+ Str+3
                  | Int+3} (Xom gifted it to you on level 5 of the Lair of
                  | Beasts)
 23332 | Lair:5   | XOM: god gift: amulet "Eleliov" {Rampage Regen+ Str+3
                  | Int+3}
 23423 | Lair:5   | XOM: 3-stop teleportation journey
 23688 | Lair:5   | XOM: cast spell 'Cause Fear'
 23928 | Lair:5   | XOM: divination: magic mapping
 24412 | D:11     | You fall into a shaft and drop 2 floors!
 24415 | D:13     | XOM: divination: detect items
 24473 | D:13     | Learned a level 4 spell: Dispel Undead
 24709 | D:12     | Found Zin's Purification Station.
 24714 | D:12     | Found a glowing silver altar of Zin.
 24718 | D:12     | Bought a potion of curing for 90 gold pieces
 24759 | D:12     | Learned a level 2 spell: Passwall
 24780 | D:12     | XOM: silly message
 24781 | D:12     | XOM: polymorph deep elf pyromancer -> yaktaur
 25005 | D:12     | Lost mutation: You occasionally shout uncontrollably at
                  | your foes. [potion of mutation]
 25005 | D:12     | Lost mutation: Your spells are a little harder to cast, but
                  | a little more powerful. [potion of mutation]
 25005 | D:12     | Gained mutation: You have large cloven feet. [potion of
                  | mutation]
 25054 | D:12     | Learned a level 3 spell: Vampiric Draining
 25085 | D:12     | XOM: noise
 25169 | D:12     | Learned a level 3 spell: Ozocubu's Armour
 25191 | D:12     | XOM: 4-stop teleportation journey
 25221 | D:12     | XOM: divination: detect creatures
 25224 | D:12     | XOM: cast spell 'Dispersal'
 25247 | D:12     | XOM: scenery: summon butterflies
 25254 | D:12     | XOM: divination: detect creatures
 25256 | D:12     | Reached skill level 10 in Short Blades
 25256 | D:12     | Reached skill level 10 in Long Blades
 25256 | D:12     | Reached skill level 10 in Axes
 25256 | D:12     | Reached skill level 10 in Maces & Flails
 25256 | D:12     | Reached skill level 10 in Staves
 25256 | D:12     | Reached skill level 10 in Ranged Weapons
 25256 | D:12     | Reached skill level 10 in Throwing
 25256 | D:12     | Reached skill level 10 in Stealth
 25256 | D:12     | Reached skill level 10 in Shields
 25256 | D:12     | Reached skill level 10 in Unarmed Combat
 25256 | D:12     | Reached skill level 10 in Spellcasting
 25256 | D:12     | Reached skill level 10 in Evocations
 25259 | D:12     | XOM: cleaving
 25260 | D:12     | XOM: summons 2 friendly demons
 25270 | D:12     | XOM: potion effect (haste)
 25325 | D:11     | XOM: 3-stop teleportation journey
 25704 | D:11     | XOM: cast spell 'Summon Mana Viper'
 25714 | Abyss:2  | Cast into level 2 of the Abyss (a wizard)
 25722 | Abyss:2  | Noticed a black draconian knight
 25760 | Abyss:2  | XOM: fog
 25783 | D:11     | Escaped the Abyss
 25785 | D:11     | XOM: scenery: create altars
 25796 | D:11     | XOM: 4-stop teleportation journey
 25823 | D:11     | XOM: scenery: summon butterflies
 25944 | D:10     | Identified the +3 buckler of Inquiry {rElec Will++} (Xom
                  | gifted it to you on level 10 of the Dungeon)
 25944 | D:10     | XOM: god gift: +3 buckler of Inquiry {rElec Will++}
 25968 | D:10     | XOM: divination: detect items
 26028 | D:11     | XOM: divination: detect items
 26252 | D:10     | XOM: scenery: create altars
 26457 | D:2      | Bought a faintly humming cloak for 199 gold pieces
 26457 | D:2      | Identified the -2 cloak of Impermeability {rPois rN+
                  | Slay+3} (You bought it in a shop on level 2 of the Dungeon)
 26683 | Orc:1    | Entered Level 1 of the Orcish Mines
 26781 | Orc:1    | Noticed Harold
 26781 | Orc:1    | Found a bloodstained altar of Trog.
 26781 | Orc:1    | XOM: 7-stop teleportation journey
 26993 | Orc:1    | XOM: god gift: boomerang of dispersal
 27175 | Orc:1    | XOM: summons 4 friendly demons
 27192 | Orc:1    | Reached XP level 15. HP: 120/120 MP: 24/29
 27199 | Orc:1    | Killed Harold
 27404 | Orc:1    | XOM: god gift: dazzling leather armour {god gift}
 27404 | Orc:1    | Identified the +3 leather armour of Light {rC+ Str+3} (Xom
                  | gifted it to you on level 1 of the Orcish Mines)
 27536 | Orc:1    | XOM: god gift: bubbling pink potion {god gift}
 27677 | Orc:1    | XOM: give mutations
 27677 | Orc:1    | Gained mutation: You have a somewhat thin skeletal
                  | structure. (Dex +2, Stealth+) [Xom's grace]
 27677 | Orc:1    | Lost mutation: You have large cloven feet. [Xom's grace]
 27677 | Orc:1    | Gained mutation: You have sharp toenails. [Xom's grace]
 27677 | Orc:1    | Gained mutation: You are partially covered in large bone
                  | plates. (SH +4) [Xom's grace]
 27677 | Orc:1    | Gained mutation: You have extremely sharp teeth. [Xom's
                  | grace]
 27692 | Orc:1    | XOM: scenery: create altars
 27909 | Orc:2    | Entered Level 2 of the Orcish Mines
 27997 | Orc:2    | Found a staircase to the Elven Halls.
 28039 | Orc:2    | XOM: summons 2 friendly demons
 28090 | Orc:2    | XOM: cleaving
 28103 | Orc:2    | XOM: polymorph orc wizard -> hound
 28208 | Orc:2    | XOM: scenery: summon butterflies
 28215 | Orc:2    | XOM: summons 2 friendly demons
 28349 | Orc:2    | XOM: divine lightning
 28556 | Orc:2    | XOM: noise
 28754 | Orc:2    | XOM: 2-stop teleportation journey
 28798 | Orc:2    | XOM: give mutation
 28798 | Orc:2    | Gained mutation: You are somewhat resistant to further
                  | mutation. [Xom's grace]
 29302 | Orc:2    | Found Quehesk's Antique Weapon Shop.
 29303 | Orc:2    | XOM: fog
 29388 | Orc:2    | Found Zigrip's Jewellery Emporium.
 29394 | Orc:2    | Found Cutafes's Weapon Emporium.
 29396 | Orc:2    | Found Mosirrav's Armour Shop.
 29749 | D:2      | Bought an embroidered scarf for 168 gold pieces
 29761 | D:2      | Bought a runed scarf for 168 gold pieces
 30132 | D:11     | Learned a level 6 spell: Death Channel
 30379 | D:2      | Bought a runed scale mail for 147 gold pieces
 30406 | D:2      | Acquired the +9 staff of Olgreb {rPois∞}
 30406 | D:2      | Found the +9 staff of Olgreb {rPois∞}
 30543 | D:6      | XOM: summons 1 hostile shadow creature
 30793 | D:6      | Found a sparkling altar of Nemelex Xobeh.
 30887 | D:6      | XOM: give mutations
 30887 | D:6      | Gained mutation: You are mostly covered in iridescent
                  | scales. (AC +4) [Xom's grace]
 30887 | D:6      | Gained mutation: Your flesh is almost immune to the effects
                  | of cold. (rC+++) [Xom's grace]
 30887 | D:6      | Gained mutation: You passively dampen the noise of your
                  | surroundings. [Xom's grace]
 30975 | D:6      | XOM: god gift: potion of curing
 31055 | D:7      | Killed kingofthe's ghost
 31377 | D:11     | XOM: cast spell 'Summon Dragon'
 31427 | D:11     | Got the Secrets of Amalgamated Vitiation
 31429 | D:11     | Got Sif Muna's Octavo of Ill-fated Anthracomancy
 31439 | D:11     | Learned a level 3 spell: Ignite Poison
 31448 | D:11     | Learned a level 4 spell: Fulminant Prism
 31718 | D:12     | XOM: potion effect (berserk rage)
 32188 | D:12     | XOM: god gift: scroll of summoning
 32458 | D:12     | XOM: give mutations
 32458 | D:12     | Lost mutation: You have extremely sharp teeth. [Xom's
                  | mischief]
 32458 | D:12     | Lost mutation: Your natural rate of healing is unusually
                  | fast. [Xom's mischief]
 32700 | D:13     | XOM: 2-stop teleportation journey
 32929 | D:13     | Found a runed translucent gate.
 32929 | D:13     | Found a runed translucent gate.
 32929 | D:13     | Found a runed translucent gate.
 32929 | D:13     | Noticed Mexzoddasi's ghost (journeyman MiBe)
 32985 | D:13     | Noticed Sonja
 32986 | D:13     | Sonja changed into Sonja the naga
 32986 | D:13     | Noticed Sonja
 32997 | D:13     | Killed Sonja the naga
 33521 | D:13     | XOM: summons 8 hostile demons
 33638 | D:14     | XOM: enchant monster (bad)
 34044 | D:14     | XOM: blink monster(s)
 34047 | D:14     | XOM: divination: detect items
 34123 | D:14     | Found an iron altar of Okawaru.
 34141 | D:14     | XOM: cast spell 'Summon Horrible Things'
 34174 | D:14     | XOM: divination: detect items
 34569 | D:14     | XOM: smoke on damage
 35584 | D:14     | XOM: silly message
 35859 | D:14     | XOM: confuse monster(s)
 35915 | D:14     | XOM: cleaving
 35924 | D:14     | Reached XP level 16. HP: 129/129 MP: 16/30
 36030 | D:14     | Found a gate to the Vaults.
 36206 | D:14     | XOM: confusion (+ monsters)
 36250 | D:14     | XOM: summons 9 hostile demons
 36277 | D:14     | XOM: give mutations
 36277 | D:14     | Lost mutation: You occasionally lose the ability to read
                  | scrolls when taking damage. [Xom's mischief]
 36277 | D:14     | Lost mutation: You have sharp toenails. [Xom's mischief]
 36277 | D:14     | Lost mutation: You have a somewhat thin skeletal structure.
                  | (Dex +2, Stealth+) [Xom's mischief]
 36277 | D:14     | Lost mutation: You are very agile. (Dex +8, Str/Int -2)
                  | [Xom's mischief]
 36346 | D:14     | XOM: divination: detect items
 36386 | D:15     | Entered Level 15 of the Dungeon
 36623 | D:15     | Identified the +8 whip of Innocence {antimagic, rC+}
 36720 | D:15     | Noticed Kirke
 36733 | D:15     | Killed Kirke
 37110 | D:15     | XOM: potion effect (invisibility)
 37116 | D:15     | Found a staircase to the Depths.
 37176 | D:15     | XOM: give mutations
 37176 | D:15     | Gained mutation: You are strong-willed. (Will+) [Xom's
                  | grace]
 37176 | D:15     | Gained mutation: You have a somewhat thin skeletal
                  | structure. (Dex +2, Stealth+) [Xom's grace]
 37176 | D:15     | Gained mutation: You are completely covered in iridescent
                  | scales. (AC +6) [Xom's grace]
 37176 | D:15     | Gained mutation: You have a pair of antennae on your head.
                  | [Xom's grace]
 37422 | D:15     | XOM: divination: detect creatures
 37713 | D:15     | XOM: cleaving
 38096 | D:15     | XOM: scenery: create altars
 38117 | D:15     | Acquired 317 gold pieces
 38144 | D:15     | XOM: god gift: long sword {god gift}
 38650 | Lair:2   | Learned a level 6 spell: Starburst
 38710 | Swamp:1  | Entered Level 1 of the Swamp
 38913 | Swamp:1  | XOM: divination: magic mapping
 39049 | Swamp:1  | XOM: polymorph swamp worm -> shining eye
 39127 | Swamp:1  | XOM: confuse monster(s)
 39690 | Swamp:1  | XOM: god gift: +2 antimagic great sword
 39728 | Swamp:1  | XOM: divination: detect creatures
 39907 | Swamp:1  | XOM: give mutations
 39907 | Swamp:1  | Lost mutation: You are agile. (Dex +4, Str/Int -1) [Xom's
                  | mischief]
 39907 | Swamp:1  | Lost mutation: You are completely covered in iridescent
                  | scales. (AC +6) [Xom's mischief]
 39907 | Swamp:1  | Lost mutation: You passively dampen the noise of your
                  | surroundings. [Xom's mischief]
 39907 | Swamp:1  | Lost mutation: You have a pair of antennae on your head.
                  | [Xom's mischief]
 40945 | Swamp:2  | XOM: polymorph swamp drake -> acid dragon
 41005 | Swamp:2  | XOM: summons friendly crimson imp
 41377 | Swamp:2  | XOM: god gift: 24 gold pieces
 41379 | Swamp:2  | XOM: summons 2 friendly demons
 41566 | Swamp:2  | XOM: divine lightning
 41582 | Swamp:2  | XOM: summons 2 friendly demons
 42216 | Swamp:2  | You fall into a shaft and drop 1 floor!
 42522 | Swamp:3  | XOM: stat loss: -1 Str (19/20)
 42680 | Swamp:3  | XOM: scenery: create altars
 42985 | Swamp:3  | XOM: confusion
 42996 | Swamp:3  | Reached XP level 17. HP: 74/137 MP: 8/32
 43004 | Swamp:3  | XOM: noise
 43349 | Swamp:3  | Noticed a tentacled monstrosity
 43350 | Swamp:3  | a tentacled monstrosity changed into a doom hound
 43350 | Swamp:3  | Noticed a doom hound
 43350 | Swamp:3  | XOM: polymorph tentacled monstrosity -> doom hound
 43601 | Swamp:3  | XOM: summons 1 hostile demon
 43683 | Swamp:3  | Reached skill level 10 in Conjurations
 43683 | Swamp:3  | Reached skill level 10 in Hexes
 43683 | Swamp:3  | Reached skill level 10 in Summonings
 43683 | Swamp:3  | Reached skill level 10 in Necromancy
 43683 | Swamp:3  | Reached skill level 10 in Translocations
 43683 | Swamp:3  | Reached skill level 10 in Transmutations
 43683 | Swamp:3  | Reached skill level 10 in Fire Magic
 43683 | Swamp:3  | Reached skill level 10 in Ice Magic
 43683 | Swamp:3  | Reached skill level 10 in Air Magic
 43683 | Swamp:3  | Reached skill level 10 in Earth Magic
 43683 | Swamp:3  | Reached skill level 10 in Poison Magic
 43925 | Swamp:3  | XOM: god gift: scroll of teleportation
 44025 | Swamp:3  | XOM: summons 9 friendly demons
 44032 | Swamp:3  | Killed a doom hound
 44222 | Swamp:4  | Entered Level 4 of the Swamp
 44262 | Swamp:4  | Identified the +8 short sword of the Conjuring Gods {spect,
                  | rN+ Dex+2}
 44781 | Swamp:4  | XOM: draining
 44913 | Swamp:4  | XOM: enchant monster (bad)
 45157 | Swamp:4  | XOM: confusion (+ monsters)
 45353 | Swamp:4  | XOM: give mutations
 45353 | Swamp:4  | Lost mutation: You have a somewhat thin skeletal structure.
                  | (Dex +2, Stealth+) [Xom's mischief]
 45353 | Swamp:4  | Gained mutation: Armour fits poorly on your strangely
                  | shaped body. [Xom's mischief]
 45357 | Swamp:4  | XOM: 1-stop teleportation journey
 45553 | Swamp:4  | XOM: confusion
 45633 | Swamp:4  | Got a decaying rune of Zot
 45658 | Swamp:4  | XOM: give mutation
 45658 | Swamp:4  | Lost mutation: You are somewhat resistant to further
                  | mutation. [Xom's mischief]
 45848 | Snake:1  | Entered Level 1 of the Snake Pit
 45909 | Snake:1  | XOM: stat loss: -1 Int (24/25)
 47050 | Snake:1  | Found Xyrixyme's Book Shoppe.
 47051 | Snake:1  | Found Osovuiha's Jewellery Boutique.
 47051 | Snake:1  | Found Teheraru's Jewellery Boutique.
 47059 | Snake:1  | Bought a ring of see invisible for 255 gold pieces
 47065 | Snake:1  | Bought the Teachings on Inhalation and Talus for 560 gold
                  | pieces
 47071 | Snake:1  | Learned a level 5 spell: Freezing Cloud
 47071 | Snake:1  | Bought a book of the Senses for 448 gold pieces
 47081 | Snake:1  | Bought the Parchment of Massed Impulse for 532 gold pieces
 47225 | Snake:2  | XOM: stealth player
 47707 | Snake:2  | Identified the +7 glaive of Rebul {flame, rN+ Int+2}
 48000 | Snake:2  | XOM: give mutation
 48000 | Snake:2  | Gained mutation: Your muscles are very strong. (Str +8,
                  | Int/Dex -2) [Xom's grace]
 48147 | Snake:2  | XOM: summons friendly crimson imp
 48355 | Snake:2  | XOM: enchant monster (good)
 48612 | Snake:2  | XOM: god gift: staff of earth
 48754 | Snake:2  | Found Vewkumocw's Mayhem Merchandise.
 48816 | Snake:2  | XOM: swap monsters
 48831 | Snake:2  | XOM: enchant monster (bad)
 48984 | Snake:2  | XOM: silly message
 49776 | Snake:2  | XOM: divination: magic mapping
 49785 | Snake:2  | XOM: divination: detect items
 50002 | Snake:3  | XOM: silly message
 50391 | Snake:3  | Reached XP level 18. HP: 140/146 MP: 28/34
 50517 | Snake:3  | XOM: 1-stop teleportation journey
 50518 | Snake:3  | Noticed Vashnia
 50576 | Snake:3  | XOM: potion effect (heal wounds)
 50585 | Snake:3  | XOM: smoke on damage
 50595 | Snake:3  | HP: 2/146 [shock serpent/bolt of electricity (27)]
 50605 | Snake:3  | HP: 6/146 [salamander/+4 halberd (8)]
 50605 | Snake:3  | HP: 2/146 [salamander/+4 halberd (4)]
 50605 | Snake:3  | Killed from afar by a shock serpent

Illustrated notes

Levels and vault maps discovered:
D:1:      psy_arrival_basics, layout_rooms
D:2:      layout_basic, serial_shops, shop, uniq_crazy_yiuf_cottage
D:3:      layout_basic, vehumet_statue, uniq_sigmund
D:4:      layout_basic, mainiacjoe_overflow_six_doors_small,
          mainiacjoe_overflow_catwalk_spiral,
          minmay_temple_entry_statues_fountains
D:5:      layout_basic, serial_shops, nicolae_shop_crystal,
          grunt_decor_one_mirror, moated_statue, uniq_pikel, uniq_grinder
D:6:      layout_layer_cave, mainiacjoe_overflow_paths,
          nicolae_tso_carved_into_rock, nemelex_dance_club_becter,
          nicolae_dithmenos_shadow_blocks, serial_shops,
          nicolae_shop_bloodbath_and_beyond, uniq_prince_ribbit1
D:7:      layout_loops_ring, gammafunk_ghost_hive
D:8:      layout_loops_ring, david_lair_generic
D:9:      layout_roguey, orc_0_dummy, kennysheep_big_empty_room
D:10:     layout_basic, demons_altar, uniq_joseph
D:11:     layout_basic, chequers_big_river, laboratory
D:12:     layout_loops_ring, zin_purify
D:13:     layout_small_grid, portal_ice_cave_entry_imps,
          maelrawn_ghost_gauntlet_escape, uniq_sonja
D:14:     layout_rooms, erik_vaults_2, special_room [special_room_orc],
          hellmonk_bongcloud_opening, okawaru_metal_pillars_3
D:15:     grunt_enter_depths_hoard, layout_basic, serial_bayou,
          serial_bayou_lake_a, serial_bayou_pond_d, serial_bayou_ford_a,
          serial_bayou_crossing, kennysheep_flooded_box,
          minmay_checkered_concentric_circles, uniq_kirke
Lair:1:   layout_regular_city, uniq_fannar
Lair:2:   layout_chaotic_city, minmay_snake_entry_guardpost_small,
          dpeg_stationary_puzzle, uniq_erica
Lair:3:   layout_loops_ring, nicolae_swamp_entry_spooky, grunt_megastairs_3
Lair:4:   regret_index_wax_grids, layout_gridlike, gauntlet_entry_generic
Lair:5:   minmay_lair_end_enchanted_forest, layout_cave_pods,
          dpeg_slime_entry_enclosed, serial_bayou_shore_a, uniq_josephine
Swamp:1:  layout_basic_swamp, serial_swamp_ruin, evilmike_swamp_ruin_house_6,
          evilmike_swamp_ruin_house_4, hangedman_swamp_ruin_hall
Swamp:2:  layout_basic_swamp, nicolae_swamp_trees_clearing
Swamp:3:  layout_basic_swamp, infiniplex_staircase_pool_2
Swamp:4:  swamp_icy, layout_basic_swamp
Snake:1:  layout_onion_interference, minmay_shop_grove
Snake:2:  layout_basic, serial_corexii_hall, corexii_hall_statues_t,
          corexii_hall_statues_l, minmay_shop_mayhem
Snake:3:  nicolae_cobra_stairs, layout_rooms, uniq_vashnia
Orc:1:    layout_caves, basic_altar, uniq_harold
Orc:2:    st_orc_elflike, layout_diamond_mine

Skill      XL: |  1  2  3  4  5  6  7  8  9 10 11 12 13 14 15 16 17 |
---------------+----------------------------------------------------+-----
Invocations    | 1 2 3 4 5 6 7 8 10 11 12 13 | 13.6
Short Blades   | 1 3 5 6 7 8 9 10 11 12 | 12.5
Long Blades    | 1 3 5 6 7 8 9 10 11 12 | 12.5
Axes           | 1 3 5 6 7 8 9 10 11 12 | 12.5
Maces & Flails | 1 3 5 6 7 8 9 10 11 12 | 12.5
Staves         | 1 3 5 6 7 8 9 10 11 12 | 12.5
Ranged Weapons | 1 3 5 6 7 8 9 10 11 12 | 12.5
Throwing       | 1 3 5 6 7 8 9 10 11 12 | 12.5
Stealth        | 1 3 5 6 7 8 9 10 11 12 | 12.5
Shields        | 1 3 5 6 7 8 9 10 11 12 | 12.5
Unarmed Combat | 1 3 5 6 7 8 9 10 11 12 | 12.5
Spellcasting   | 1 3 5 6 7 8 9 10 11 12 | 12.5
Evocations     | 1 3 5 6 7 8 9 10 11 12 | 12.5
Conjurations   | 1 2 3 4 5 6 7 8 9 10 | 10.6
Hexes          | 1 2 3 4 5 6 7 8 9 10 | 10.6
Summonings     | 1 2 3 4 5 6 7 8 9 10 | 10.6
Necromancy     | 1 2 3 4 5 6 7 8 9 10 | 10.6
Translocations | 1 2 3 4 5 6 7 8 9 10 | 10.6
Transmutations | 1 2 3 4 5 6 7 8 9 10 | 10.6
Fire Magic     | 1 2 3 4 5 6 7 8 9 10 | 10.6
Ice Magic      | 1 2 3 4 5 6 7 8 9 10 | 10.6
Air Magic      | 1 2 3 4 5 6 7 8 9 10 | 10.6
Earth Magic    | 1 2 3 4 5 6 7 8 9 10 | 10.6
Poison Magic   | 1 2 3 4 5 6 7 8 9 10 | 10.6
Dodging        | 3 4 5 6 7 8 9 10 11 12 | 12.8
Armour         | 5 6 7 8 9 10 11 12 13 | 13.3
Fighting       | 7 8 9 10 11 12 13 14 | 14.0
Polearms       | 7 8 9 10 11 12 13 14 | 14.0

Action                     |  1- 3 |  4- 6 |  7- 9 | 10-12 | 13-15 | 16-18 || total
---------------------------+-------+-------+-------+-------+-------+-------++-------
  Melee: Spear             |    89 |       |       |       |       |       ||    89
         Bite              |     3 |     1 |    17 |    55 |   137 |    66 ||   279
         Punch             |     2 |     1 |       |       |       |       ||     3
         Mace              |     8 |    23 |   114 |   390 |   203 |       ||   738
         Trident           |       |       |       |    60 |       |       ||    60
         Flail             |       |       |       |       |   616 |   238 ||   854
         Staff             |       |       |       |       |    59 |    58 ||   117
         Unarmed           |       |       |       |       |       |     6 ||     6
   Fire: Sling             |       |    49 |   190 |    63 |    39 |     3 ||   344
  Throw: Dart              |       |       |       |    44 |   192 |    18 ||   254
         Javelin           |       |       |       |     2 |    11 |    42 ||    55
         Boomerang         |       |       |       |     1 |    99 |       ||   100
         Throwing net      |       |       |       |       |     1 |     3 ||     4
   Cast: Mephitic Cloud    |       |       |       |     6 |   105 |     2 ||   113
         Anguish           |       |       |       |       |    65 |    19 ||    84
         Ozocubu's Armour  |       |       |       |       |    16 |     1 ||    17
         Call Imp          |       |       |       |       |     7 |       ||     7
         Cigotuvi's Dreadf |       |       |       |       |     2 |       ||     2
         Fulminant Prism   |       |       |       |       |    22 |    46 ||    68
         Ignite Poison     |       |       |       |       |    13 |    46 ||    59
         Dispel Undead     |       |       |       |       |    13 |    16 ||    29
         Death Channel     |       |       |       |       |     1 |    25 ||    26
         Starburst         |       |       |       |       |       |     9 ||     9
         Freezing Cloud    |       |       |       |       |       |    29 ||    29
         Vampiric Draining |       |       |       |       |       |     2 ||     2
Ability: Evoke the Staff o |       |       |       |       |    23 |    79 ||   102
  Evoke: Piece from Xom's  |     5 |       |       |       |     5 |       ||    10
         Wand              |       |       |       |    27 |    25 |    33 ||    85
         Phantom mirror    |       |       |       |       |     1 |     5 ||     6
         Tin of tremorston |       |       |       |       |       |     8 ||     8
         Condenser vane    |       |       |       |       |       |     6 ||     6
    Use: Scroll            |       |       |     8 |    15 |    22 |    13 ||    58
         Potion            |       |       |       |     6 |     7 |     6 ||    19
   Stab: Confused          |       |       |     1 |     1 |    47 |     1 ||    50
         Sleeping          |       |       |       |     1 |     2 |     2 ||     5
         Invisible         |       |       |       |       |    10 |     3 ||    13
         Distracted        |       |       |       |       |     5 |     3 ||     8
 Armour: Leather armour    |    20 |       |       |       |       |       ||    20
         Chain mail        |     3 |    26 |   117 |   139 |       |       ||   285
         Swamp dragon scal |       |       |       |   144 |   345 |   175 ||   664
  Dodge: Dodged            |    39 |    21 |   123 |   251 |   329 |   235 ||   998
  Block: Buckler           |       |     1 |    70 |    23 |   208 |   315 ||   617
         Kite shield       |       |       |       |   416 |  1034 |    26 ||  1476
         Reflection        |       |       |       |       |     4 |    35 ||    39

Table legend: (Time is in decaauts)
 A = Elapsed time spent in this place.
 B = Non-inter-level travel time spent in this place.
 C = Inter-level travel time spent in this place.
 D = Time resting spent in this place.
 E = Time spent auto-exploring this place.
 F = Levels seen in this place.
 G = Mean time per level.
                   A        B        C        D        E       F      G
               +--------+--------+--------+--------+--------+-----+--------+
         Total |  51299 |  47620 |   3679 |  18390 |  19899 |  30 | 1710.0 |
       Dungeon |  26061 |  23217 |   2844 |   9445 |   9565 |  15 | 1737.4 |
          Lair |  10383 |   9919 |    464 |   2859 |   4645 |   5 | 2076.6 |
         Swamp |   7270 |   7148 |    122 |   3360 |   2666 |   4 | 1817.5 |
     Snake Pit |   4740 |   4668 |     72 |   1872 |   1926 |   3 | 1580.0 |
  Orcish Mines |   2767 |   2592 |    175 |    852 |   1096 |   2 | 1383.5 |
         Abyss |     75 |     75 |      0 |      0 |      0 |   1 |   75.0 |
               +--------+--------+--------+--------+--------+-----+--------+

Top non-repeatable levels by time:
  Lair:4: 2995 daAuts
 Snake:2: 2651 daAuts
    D:13: 2648 daAuts
    D:10: 2388 daAuts
 Swamp:1: 2360 daAuts
     D:7: 2188 daAuts
  Lair:5: 2170 daAuts
     D:8: 2148 daAuts
  Lair:3: 2123 daAuts
    D:15: 2083 daAuts
 Swamp:3: 2067 daAuts
  Lair:2: 2028 daAuts
     D:6: 1937 daAuts
     D:9: 1837 daAuts
    D:11: 1715 daAuts
